 Dungeon Crawl Stone Soup version 0.29.1-15-g9cfb28693d (webtiles) character file.

Game seed: 17080511623588287091

35 Vulpanium the Ducker (level 3, -1/29 HPs)
             Began as a Merfolk Monk on Mar 17, 2023.
             Slain by a gnoll
             ... wielding a +0 whip
              (4 damage)
             ... on level 2 of the Dungeon.
             The game lasted 00:02:01 (1289 turns).

Vulpanium the Ducker (Merfolk Monk)                 Turns: 1289, Time: 00:02:02

Health: -1/29      AC:  2    Str: 13    XL:     3   Next: 35%
Magic:  3/3        EV: 14    Int:  9    God:
Gold:   71         SH:  0    Dex: 16    Spells: 2/2 levels left

rFire   . . .      SeeInvis .   a - +0 hand axe
rCold   . . .      Faith    .   (no shield)
rNeg    . . .      Spirit   .   b - +0 robe
rPois   .          Reflect  .   (no helmet)
rElec   .          Harm     .   (no cloak)
rCorr   .          Rampage  .   (no gloves)
Will    .....                   (no boots)
Stlth   ++........              (no amulet)
HPRegen 0.09/turn               (no ring)
MPRegen 0.08/turn               (no ring)

@: no status effects
A: (nimble swimmer 2), mertail
a: no special abilities


You were on level 2 of the Dungeon.
You visited 1 branch of the dungeon, and saw 2 of its levels.

You collected 71 gold pieces.

Inventory:

Hand Weapons
 a - a +0 hand axe (weapon)
Armour
 b - a +0 robe (worn)
Jewellery
 h - a ring of resist corrosion
Scrolls
 d - a scroll of enchant weapon {unknown}
 g - a scroll of noise {unknown}
 i - 3 scrolls of identify {unknown}
Potions
 c - a potion of ambrosia
 e - a potion of flight {unknown}
 f - 3 potions of curing {unknown}
 j - a potion of cancellation {unknown}
 k - a potion of resistance {unknown}


   Skills:
 + Level 3.5 Fighting
 + Level 3.0 Axes
 + Level 4.4 Dodging
 + Level 2.7 Stealth


You had 2 spell levels left.
You didn't know any spells.
Your spell library was empty.

Dungeon Overview and Level Annotations

Branches:
Dungeon (2/15)

Altars:


Innate Abilities, Weirdness & Mutations

((You are very nimble when in or above water. (Stealth+, EV+, Speed+++)))
Your lower body shifts to a powerful aquatic tail in water.


Message History

You closely miss the adder.
The adder is severely wounded.
You feel sick. The adder bites you but does no damage. The adder bites you.
You hit the adder.
You kill the adder!
You feel sick.
Your Axes skill increases to level 3!
Found a scroll labelled PECAAT GUERPH.
You feel sick.
You hit the withered plant.
The withered plant begins to crumble.
The withered plant is lightly damaged.
You hit the withered plant.
The withered plant begins to crumble.
You feel sick.
You are no longer poisoned.
You start resting.
The withered plant crumbles away. x2
A gnoll comes into view. It is wielding a +0 whip.
There is a stone staircase leading up here.
A goblin comes into view. It is wielding a +0 club.
You closely miss the gnoll.
The goblin shouts!
You hear a shout! x2
The gnoll closely misses you.
You hit the gnoll. You punch the gnoll.
The gnoll is severely wounded.
The gnoll closely misses you.
You hit the gnoll.
The gnoll is severely wounded.
The gnoll hits you with a +0 whip.
You barely miss the gnoll.
The gnoll is severely wounded.
The gnoll closely misses you.
You hit the gnoll but do no damage. You punch the gnoll, but do no damage.
The gnoll is severely wounded.
You closely miss the goblin. The gnoll barely misses you.
The goblin hits you with a +0 club. The gnoll hits you with a +0 whip.
* * * LOW HITPOINT WARNING * * *
The goblin closely misses you.
You hit the gnoll but do no damage.
The gnoll is severely wounded.
You closely miss the goblin. The gnoll hits you with a +0 whip.
You die...

#.?...
###..P.##
#.)P....#
?..P..P#
####.♣._.P#
#....P.)..#
#.>......#
#....gg..#
#.....@..#
#...÷....#
...........#
###........#
#........#
##########


You could see a gnoll and a goblin.

Vanquished Creatures
  An adder (D:2)
  A ball python (D:2)
  4 endoplasms (D:1)
  A giant cockroach (D:1)
  3 hobgoblins (D:1)
  2 kobolds (D:1)
  A quokka (D:1)
  3 bats (D:1)
  5 goblins (D:1)
  2 rats (D:1)
23 creatures vanquished.

Vanquished Creatures (others)
  4 withered plants (D:2)
4 creatures vanquished.

Grand Total: 27 creatures vanquished

Notes
Turn   | Place    | Note
-------+----------+-------------------------------------------
     0 | D:1      | Vulpanium the Merfolk Monk began the quest for the Orb.
     0 | D:1      | Reached XP level 1. HP: 18/18 MP: 1/1
   166 | D:1      | Reached XP level 2. HP: 24/24 MP: 2/2
   770 | D:2      | Found a faded altar of an unknown god.
   777 | D:2      | Reached XP level 3. HP: 21/29 MP: 3/3
  1289 | D:2      | Slain by a gnoll

Illustrated notes

Levels and vault maps discovered:
D:1:      dpeg_arrival_subterranean_lakeside_camping, layout_basic
D:2:      layout_rooms, ebering_ecumenical_altar_petrified, minmay_bisected

Skill      XL: |  1  2  3 |
---------------+----------+-----
Axes           | 3 |  3.0
Fighting       | |  3.5
Dodging        | |  4.4
Stealth        | |  2.7

Action                   || total
-------------------------++-------
Melee: Hand axe          ||    74
       Punch             ||     3
 Stab: Sleeping          ||     8
Armor: Robe              ||    11
Dodge: Dodged            ||    55
